AoeStats
← Iguano Pop

MegaRandom

506583678Analyzed
1v1 RM · 19d ago on Sep 14, 2026· 19m 26s· 2 players
Game mode
Random Map
Map size
Tiny (2 player)
Population
200
Speed
Normal
Resources
Standard
Victory
Conquest
Starting age
Dark Age
Ending age
Imperial Age
RankedLock teamsTeams togetherTeam positionsShared explorationLock speedFull tech treeHidden civsTurbo modeCheats
Victory
Defeat
🇦🇷 Berbers · Argentina
1245
+19
🇲🇽 Persians · Mexico
1310
-19
Wick
6:23 Loom
10:43 Feudal Age
14:33 Wheelbarrow
18:16 Castle Age
16:26 Double-Bit Axe
19:23 Bow Saw
Iguano Pop
0:33 Loom
12:17 Feudal Age
17:55 Castle Age
Connection lost

Rejoining the realm…

Still unreachable

The connection could not be restored.

Session expired

The server has moved on; the page needs a fresh start.